 Dungeon Crawl Stone Soup version 0.23.2-40-g277498a001 (webtiles) character file.

Game seed: 9027286906433003863

51 Marnok the Skirmisher (level 3, -1/29 HPs)
             Began as a Demonspawn Chaos Knight on Oct 8, 2019.
             Was a Plaything of Xom.
             Slain by a black bear (6 damage)
             ... on level 2 of the Dungeon.
             The game lasted 00:02:48 (959 turns).

Marnok the Skirmisher (Demonspawn Chaos Knight)      Turns: 959, Time: 00:02:48

Health: -1/29      AC:  6    Str: 13    XL:     3   Next: 57%
Magic:  0/3        EV: 13    Int: 13    God:    Xom [...*..]
Gold:   54         SH:  0    Dex: 12    Spells: 2/2 levels left

rFire    . . .     SeeInvis .   a - +0 hand axe (chaos)
rCold    . . .     Gourm    .   (no shield)
rNeg     + . .     Faith    .   b - +2 leather armour
rPois    .         Spirit   +   o - +0 helmet
rElec    .         Reflect  .   (no cloak)
rCorr    .         Harm     .   (no gloves)
MR       .....                  (no boots)
Stlth    +.........             (no amulet)
HPRegen  0.09/turn              i - ring of positive energy
MPRegen  0.08/turn              (no ring)

@: flying
A: repulsion field 1, magic shield
a: Renounce Religion


You were on level 2 of the Dungeon.
You worshipped Xom.
You were a favourite toy of Xom.
You were not hungry.

You visited 1 branch of the dungeon, and saw 2 of its levels.

You collected 54 gold pieces.

Inventory:

Hand Weapons
 a - a +0 hand axe of chaos (weapon)
Missiles
 g - 5 javelins (quivered)
Armour
 b - a +2 leather armour (worn)
 o - a +0 helmet (worn)
Jewellery
 i - a ring of positive energy (left hand)
Scrolls
 d - 2 scrolls of blinking {unknown}
 h - 2 scrolls of identify {unknown}
 l - 4 scrolls of enchant armour {unknown}
 n - a scroll of enchant weapon {unknown}
Potions
 e - a potion of resistance {unknown}
 j - a potion of mutation {unknown}
 k - a potion of flight
 m - 2 potions of curing {unknown}
Comestibles
 c - 3 rations
 f - 5 chunks of flesh


   Skills:
 + Level 3.6 Fighting
 + Level 3.3 Axes
 + Level 2.0 Armour
 + Level 1.3 Dodging
 + Level 0.2 Stealth


You had 2 spell levels left.
You didn't know any spells.
Your spell library was empty.

Dungeon Overview and Level Annotations

Branches:
Dungeon (2/15)

Altars:


Innate Abilities, Weirdness & Mutations

You are surrounded by a mild repulsion field. (EV +2)
When hurt, damage is shared between your health and your magic reserves.


Message History

Keep equipping yourself? [Y]es or [N]o only, please.
Keep equipping yourself? [Y]es or [N]o only, please.
Keep equipping yourself?
You start putting on your armour.
You continue putting on your helmet. x2
The black bear barely misses you. The black bear claws you. x2
You continue putting on your helmet.
The black bear bites you. The black bear claws you. x2
You continue putting on your helmet.
The black bear bites you. The black bear claws you.
* * * LOW HITPOINT WARNING * * *
The black bear claws you.
* * * LOW HITPOINT WARNING * * *
You finish putting on your +0 helmet.
It was a potion of flight.
You feel very buoyant.
You fly up into the air.
The black bear bites you!
You die...
Xom cackles wildly!

... .... #...### .# #..
.... #...#.##.# #.# ## #
#...#.##.# #.# # ..
#...#.##.###.########
#.#...#.##.#.........##
###....#....#.#.#####.##
......h#.##.#.#.# #.##
#....@....#รท#.# #.##
......##.##...#)# #.##
##... ...######.#####.##
#....$................##
#....###.####.#.#####.##
#... #.# #........... #
. #.# ###.#####.## #.#
#.# #.# #.# ###


You could see a black bear.

Vanquished Creatures
  An adder (D:2)
  An ooze (D:2)
  2 dart slugs
  2 giant cockroaches (D:1)
  4 goblins
  3 hobgoblins
  5 jackals (D:1)
  3 bats (D:1)
  3 frilled lizards
  2 kobolds
  5 rats
31 creatures vanquished.

Notes
Turn   | Place    | Note
-------+----------+-------------------------------------------
     0 | D:1      | Marnok the Demonspawn Chaos Knight began the quest for the
                  | Orb.
     0 | D:1      | Reached XP level 1. HP: 18/18 MP: 1/1
    31 | D:1      | XOM: potion effect (agility)
    95 | D:1      | XOM: divination: magic mapping
   137 | D:1      | XOM: mild Tloc miscast
   272 | D:1      | Gained mutation: You are surrounded by a mild repulsion
                  | field. (EV +2) [demonic ancestry]
   272 | D:1      | Reached XP level 2. HP: 24/24 MP: 2/2
   285 | D:1      | Reached skill level 1 in Dodging
   730 | D:2      | Gained mutation: When hurt, damage is shared between your
                  | health and your magic reserves. [demonic ancestry]
   730 | D:2      | Reached XP level 3. HP: 27/29 MP: 3/3
   809 | D:2      | XOM: harmless Chrm miscast
   952 | D:2      | Noticed a black bear
   959 | D:2      | Slain by a black bear

Skill      XL: |  1  2  3 |
---------------+----------+-----
Axes           | 3 |  3.3
Dodging        | 1 |  1.3
Armour         | 2 |  2.0
Fighting       | |  3.6
Stealth        | |  0.2

Action                   || total
-------------------------++-------
Melee: Hand axe          ||    56
  Use: Potion            ||     1
 Stab: Paralysed         ||     1
Armor: Leather armour    ||    37
Dodge: Dodged            ||    67
